 Dungeon Crawl Stone Soup version 0.23-a0-151-gf6d1ed2 (webtiles) character file.

246 HarryHood the Cudgeler (level 5, -2/50 HPs)
             Began as a Minotaur Fighter on Sept 8, 2018.
             Was an Initiate of Ru.
             Slain by Natasha (7 damage)
             ... on level 4 of the Dungeon.
             The game lasted 00:14:58 (2348 turns).

HarryHood the Cudgeler (Minotaur Fighter)           Turns: 2348, Time: 00:14:59

Health: -2/50      AC:  6    Str: 20    XL:     5   Next: 84%
Magic:  4/4        EV:  7    Int:  5    God:    Ru [......]
Gold:   104        SH:  9    Dex: 11    Spells: 4/4 levels left

rFire    . . .     SeeInvis .   a - +0 flail
rCold    . . .     Gourm    .   c - +0 shield
rNeg     . . .     Faith    .   b - +0 scale mail
rPois    .         Spirit   .   (helmet restricted)
rElec    .         Reflect  .   (no cloak)
rCorr    .         Harm     .   (no gloves)
MR       .....                  (no boots)
Stlth    ..........             (no amulet)
HPRegen  0.16/turn              q - ring of wizardry
MPRegen  0.09/turn              (no ring)

@: no status effects
A: retaliatory headbutt, horns 2
a: Renounce Religion


You were on level 4 of the Dungeon.
You worshipped Ru.
Ru was noncommittal.
You were not hungry.

You visited 1 branch of the dungeon, and saw 4 of its levels.

You collected 104 gold pieces.

Inventory:

Hand Weapons
 a - a +0 flail (weapon)
Missiles
 m - 126 stones (quivered)
 s - 23 sling bullets
Armour
 b - a +0 scale mail (worn)
 c - a +0 shield (worn)
Jewellery
 q - a ring of wizardry (left hand)
Scrolls
 h - 5 scrolls of remove curse {@r1}
 p - a scroll of amnesia
Potions
 d - 2 potions of might
 e - a potion of magic
 i - a potion of heal wounds {@q1}
 j - 2 potions of curing {@q2}
 k - a potion of degeneration {unknown}
 l - a potion of brilliance {unknown}
 n - a potion of flight {unknown}
 o - 2 potions of invisibility
 r - a potion of lignification {unknown}
 t - a potion of agility {unknown}
Comestibles
 f - 4 rations {@e1}
 g - 7 chunks of flesh


   Skills:
 + Level 5.7 Fighting
 - Level 6.0 Maces & Flails
 - Level 3.6 Armour
 - Level 3.6 Shields


You had 4 spell levels left.
You didn't know any spells.
Your spell library was empty.

Dungeon Overview and Level Annotations

Branches:
Dungeon (4/15)
 Temple: D:4-7

Altars:
Ru
Sif Muna
The Shining One

Annotations:
D:4 Natasha


Innate Abilities, Weirdness & Mutations

You reflexively headbutt those who attack you in melee.
You have a pair of horns on your head.


Message History

The gnoll hits you from afar with a spear!
The gnoll hits you with a long sword.
* * * LOW HITPOINT WARNING * * *
You take 16 damage, and have 12/50 hp.
MASSIVE DAMAGE!!
You hit the gnoll. Your headbutt misses the gnoll.
A shadow imp comes into view.
The gnoll hits you from afar with a spear.
* * * LOW HITPOINT WARNING * * *
Natasha, Servant of Life and Death comes into view.
The gnoll hits you with a long sword.
* * * LOW HITPOINT WARNING * * *
Natasha hisses angrily.
You take 5 damage, and have 7/50 hp.
You barely miss Natasha.
The shadow imp shouts, "Get thee gone, thou surly crook-pated scavenger!"
The gnoll hits you from afar with a spear.
* * * LOW HITPOINT WARNING * * *
The shadow imp shouts, "Give up, thou qualling boil-brained minnow reeky!"
Natasha claws you!
You die...

.≈ ...... ≈≈ ......
###+###+#PP #.....
#........PP #.....
#....<.... #.....
#.......# #.....
#.......# #.....
######.......######.....
..5.ggg@.........).))...
..######h..#.######...##
#....%..............
#.###..#.#####.....# #
##+#+# #.....# #.....#
#.....# #.....# #.#+#.'


You could see Natasha, 3 gnolls and a shadow imp.

Vanquished Creatures
  2 orc priests (D:4)
  Jessica (D:3)
  A worker ant zombie (D:3)
  A gnoll (D:4)
  4 adders
  2 worms
  A dart slug (D:2)
  2 leopard geckos
  6 orcs
  5 giant cockroaches
  10 goblins
  6 hobgoblins
  12 jackals
  4 quokkas
  3 ball pythons
  7 bats
  2 frilled lizards
  5 kobolds
  9 rats
83 creatures vanquished.

Notes
Turn   | Place    | Note
-------+----------+-------------------------------------------
     0 | D:1      | HarryHood the Minotaur Fighter began the quest for the Orb.
     0 | D:1      | Reached XP level 1. HP: 19/19 MP: 0/0
    12 | D:1      | Reached skill level 3 in Maces & Flails
    94 | D:1      | Reached XP level 2. HP: 26/26 MP: 1/1
   225 | D:1      | Reached skill level 4 in Maces & Flails
   539 | D:2      | Reached XP level 3. HP: 16/31 MP: 2/2
   936 | D:2      | Reached skill level 5 in Maces & Flails
  1198 | D:2      | Reached XP level 4. HP: 39/39 MP: 3/3
  1420 | D:3      | Found a glowing golden altar of the Shining One.
  1641 | D:3      | Reached skill level 6 in Maces & Flails
  1684 | D:3      | Reached skill level 4 in Fighting
  1874 | D:3      | Reached XP level 5. HP: 45/46 MP: 4/4
  1920 | D:3      | Found a sacrificial altar of Ru.
  1938 | D:3      | Became a worshipper of Ru the Awakened
  2190 | D:3      | Noticed Jessica
  2194 | D:3      | Killed Jessica
  2202 | D:3      | Found a deep blue altar of Sif Muna.
  2316 | D:4      | Reached skill level 5 in Fighting
  2347 | D:4      | Noticed Natasha
  2348 | D:4      | HP: 5/50 [gnoll/spear (2)]
  2348 | D:4      | Slain by Natasha

Vault maps used:
D:1:      minmay_arrival_floating_metal
D:3:      overflow_temple_1_default, lemuel_doored_altar, tgw_sif
D:4:      serial_bayou_pond_e, uniq_natasha

Skill      XL: |  1  2  3  4  5 |
---------------+----------------+-----
Maces & Flails | 3 4 5 6 |  6.0
Fighting       | 4 5 |  5.7
Armour         | |  3.6
Shields        | |  3.6

Action                   |  1- 3 |  4- 6 || total
-------------------------+-------+-------++-------
Melee: Flail             |    98 |   111 ||   209
       Headbutt          |    17 |    17 ||    34
  Use: Scroll            |     2 |     8 ||    10
  Eat: Chunk             |     1 |     4 ||     5
Armor: Scale mail        |    38 |    46 ||    84
Dodge: Dodged            |    26 |    24 ||    50
Block: Shield            |    39 |    40 ||    79

Table legend:
 A = Non-vault XP
 B = Vault XP
 C = Vault XP percentage of total XP
 D = Non-vault monster count
 E = Vault monster count
 F = Vault count percentage of total count
                 A         B        C        D         E       F
            +---------+---------+-------+---------+---------+-------
      Total |     315 |      37 |  10.5 |      82 |       1 |   1.2
            +---------+---------+-------+---------+---------+-------
        D:1 |      33 |       0 |   0.0 |      19 |       0 |   0.0
        D:2 |      75 |       0 |   0.0 |      22 |       0 |   0.0
        D:3 |     103 |      37 |  26.4 |      36 |       1 |   2.7
        D:4 |     104 |       0 |   0.0 |       5 |       0 |   0.0
            +---------+---------+-------+---------+---------+-------
